 Dungeon Crawl Stone Soup version 0.26-a0-651-gb41185065b (webtiles) character file.

Game seed: 9630104899960898979

38581 Flugslaktarn the Severer (level 13, -2/127 HPs)
             Began as a Deep Dwarf Fighter on Oct 11, 2020.
             Was a High Priest of Makhleb.
             Slain by a harpy (10 damage)
             ... summoned by Kirke
             ... on level 15 of the Dungeon.
             The game lasted 00:07:30 (10333 turns).

Flugslaktarn the Severer (Deep Dwarf Fighter)      Turns: 10333, Time: 00:07:31

Health: -2/127     AC:  0    Str: 20    XL:     13   Next: 64%
Magic:  7/7        EV: 18    Int: 10    God:    Makhleb [*****.]
Gold:   679        SH:  0    Dex: 16    Spells: 12/12 levels left

rFire    . . .     SeeInvis .   (weapon currently unavailable)
rCold    . . .     Faith    +   (shield currently unavailable)
rNeg     . . .     Spirit   .   (armour currently unavailable)
rPois    .         Reflect  .   (helmet currently unavailable)
rElec    .         Harm     .   (cloak currently unavailable)
rCorr    .         Rampage  .   (gloves currently unavailable)
MR       +....                  (boots currently unavailable)
Stlth    +.........             e - amulet of faith
HPRegen  0.00/turn              (ring currently unavailable)
MPRegen  0.10/turn              (ring currently unavailable)

@: mighty, pig-form, berserk cooldown, non-regenerating, slowed
A: small, damage resistance, heal wounds, mutation resistance 1, sense
surroundings 2, no regeneration
a: Heal Wounds, Minor Destruction, Lesser Servant of Makhleb, Major Destruction,
Greater Servant of Makhleb, Renounce Religion


You were on level 15 of the Dungeon.
You worshipped Makhleb.
Makhleb was extremely pleased with you.
You were a filthy swine.
You visited 2 branches of the dungeon, and saw 16 of its levels.

You collected 903 gold pieces.
You spent 224 gold pieces at shops.

Inventory:

Hand Weapons
 a - a +0 war axe of freezing (melded)
 i - a +0 broad axe
   (You took it off an orc warrior on level 7 of the Dungeon)
Armour
 b - a +4 plate armour (melded)
   (You found it on level 13 of the Dungeon)
 f - a +2 helmet (melded)
   (You found it on level 6 of the Dungeon)
 j - a +0 tower shield (melded)
   (You found it on level 4 of the Dungeon)
 p - a +2 pair of boots (melded)
   (You found it on level 2 of the Dungeon)
Jewellery
 e - an amulet of faith (around neck)
   (You found it on level 1 of the Dungeon)
 k - an uncursed ring of resist corrosion
   (You found it on level 6 of the Dungeon)
 m - a ring of protection from magic (melded)
   (You found it on level 12 of the Dungeon)
 v - a cursed ring of attention (melded)
   (You found it on level 14 of the Dungeon)
Wands
 g - a wand of digging (9)
   (You found it on level 14 of the Dungeon)
 s - a wand of enslavement (14)
   (You found it on level 6 of the Dungeon)
 C - a wand of paralysis (2)
   (You found it on level 9 of the Dungeon)
 E - a wand of acid (33)
   (You took it off a hobgoblin on level 3 of the Dungeon)
Scrolls
 h - 2 scrolls of fog
 l - 4 scrolls of magic mapping
 r - 6 scrolls of identify
 t - 4 scrolls of teleportation
 u - a scroll of immolation
 x - 9 scrolls of remove curse
 y - a scroll of fear {unknown}
 z - 2 scrolls of blinking
 A - 2 scrolls of holy word {unknown}
 F - a scroll of acquirement {unknown}
Potions
 c - 4 potions of heal wounds
 o - a potion of lignification
 q - 9 potions of curing
 w - 4 potions of flight
 D - 2 potions of ambrosia
 G - a potion of magic


   Skills:
 * Level 11.4 Fighting
 * Level 15.6 Axes
 + Level 10.0 Armour
 + Level 5.5 Dodging
 + Level 9.5 Shields
 + Level 10.0 Invocations
 - Level 10.0 Evocations


You had 12 spell levels left.
You didn't know any spells.
Your spell library was empty.

Dungeon Overview and Level Annotations

Branches:
Dungeon (15/15)            Temple (1/1) D:5            Lair (0/6) D:8
    Orc (0/2) D:11         Vaults (0/5) D:14
 Depths: D:15

Altars:
Ashenzari
Cheibriados
Dithmenos
Elyvilon
Fedhas
Gozag
Hepliaklqana
Kikubaaqudgha
Makhleb
Nemelex Xobeh
Okawaru
Qazlal
Sif Muna
Trog
Uskayaw
Vehumet
Wu Jian
Xom
Yredelemnul

Shops:
D:10 **[?

Portals:
Abyss: D:14

Annotations:
D:4 1 runed translucent door, loralnil's ghost, novice DEAE
D:14 2 transporters, HunterMK's ghost, journeyman MiBe
D:15 Kirke


Innate Abilities, Weirdness & Mutations

You are resistant to damage.
You can heal yourself by infusing magical energy.
You passively map the area around you.
You do not regenerate.
((You have sharp fingernails.))
You are somewhat resistant to further mutation.


Message History

The centaur warrior hits you.
* * * LOW HITPOINT WARNING * * *
The harpy claws you.
* * * LOW HITPOINT WARNING * * *
The harpy claws you.
You feel much better. The harpy closely misses you.
The harpy barely misses you. x2; The harpy claws you!
The harpy completely misses you. The harpy misses you.
The centaur warrior misses you. The centaur warrior hits you.
* * * LOW HITPOINT WARNING * * *
The harpy closely misses you. The harpy claws you!
* * * LOW HITPOINT WARNING * * *
Your magical contamination has completely faded away.
The harpy screeches!
The harpy claws you!
* * * LOW HITPOINT WARNING * * *
The harpy barely misses you. The harpy claws you!
* * * LOW HITPOINT WARNING * * *
The harpy claws you!
You die...

##.........#<#..
####......#.##§
###........##§
#..........##.
###..........###
#######.........##...#
#....#................
#....#H...............
*#....hH..u............
#......c..u..uu........
###......#...u.........
####.#.#.#h..........
########..........
#....#(......
#...)#)(u.$..
###.)........
##..†...#...


You could see 4 ugly things, a centaur warrior, 2 harpies and a hog.

Vanquished Creatures
  Louise (D:14)
  A vault guard (D:14)
  6 two-headed ogres
  3 centaur warriors
  2 unseen horrors
  2 deep elf magi
  An orc knight (D:13)
  13 ugly things
  3 cyclopes
  A manticore (D:13)
  2 centaur zombies
  An efreet (D:13)
  A komodo dragon (D:8)
  2 tengu conjurers (D:13)
  4 trolls
  3 meliai (D:15)
  4 hippogriffs
  A slime creature (D:7)
  2 wraiths
  12 yaks
  2 wyverns
  Sigmund (D:2)
  2 shadows (D:13)
  A vampire (D:13)
  2 hogs (D:15)
  A basilisk (D:14)
  11 humans (D:14)
  Menkaure (D:5)
  Duvessa (D:7)
  A water moccasin (D:8)
  An eye of draining (D:13)
  2 black bears (D:9)
  16 orc warriors
  4 ice beasts
  5 sky beasts
  A hornet zombie (D:10)
  20 centaurs
  A necrophage (D:13)
  A phantom (D:13)
  6 ogres
  A crocodile (D:10)
  2 big kobolds
  6 bullfrogs
  A wyvern zombie (D:14)
  2 wyvern skeletons (D:12)
  A water moccasin zombie (D:9)
  4 scorpions
  Dowan (D:7)
  6 killer bees
  12 wights
  2 howler monkeys (D:10)
  2 electric eels (D:14)
  A bullfrog zombie (D:12)
  2 quasits
  4 hounds
  3 bullfrog skeletons
  6 orc priests
  12 orc wizards
  2 centaur skeletons
  An iguana (D:13)
  Jessica (D:2)
  Ijyb (D:3)
  6 worker ants
  Terence (D:3)
  A hound skeleton (D:8)
  2 worker ant zombies
  4 gnolls (D:3)
  10 adders
  2 shadow imps
  3 white imps
  An ufetubus (D:5)
  An ooze (D:5)
  An adder zombie (D:9)
  2 adder skeletons
  A dart slug (D:1)
  6 leopard geckos
  42 orcs
  A giant cockroach (D:1)
  7 hobgoblins
  2 jackals (D:7)
  7 quokkas
  6 bats
  5 frilled lizards
  3 goblins
  A jackal skeleton (D:5)
  8 kobolds
  7 rats
348 creatures vanquished.

Vanquished Creatures (collateral kills)
  Jorgrun (D:15)
  A hydra (D:11)
  A centaur warrior (D:14)
  7 ugly things
  A troll (D:15)
  2 hogs (D:15)
  An acid dragon (D:15)
  A bullfrog (D:12)
  A wight (D:14)
  A hound (D:12)
  2 orcs (D:11)
19 creatures vanquished.

Vanquished Creatures (others)
  A freezing wraith (D:15)
  A vampire (D:13)
  An orc wizard (D:7)
  7 plants
10 creatures vanquished.

Grand Total: 377 creatures vanquished

Notes
Turn   | Place    | Note
-------+----------+-------------------------------------------
     0 | D:1      | Flugslaktarn the Deep Dwarf Fighter began the quest for the
                  | Orb.
     0 | D:1      | Reached XP level 1. HP: 20/20 MP: 1/1
   123 | D:1      | Reached XP level 2. HP: 27/27 MP: 2/2
   317 | D:2      | Noticed Jessica
   323 | D:2      | Killed Jessica
   323 | D:2      | Reached skill level 3 in Axes
   323 | D:2      | Reached XP level 3. HP: 34/34 MP: 3/3
   391 | D:2      | Noticed Sigmund
   416 | D:2      | Killed Sigmund
   416 | D:2      | Reached skill level 4 in Axes
   416 | D:2      | Reached skill level 1 in Dodging
   416 | D:2      | Reached XP level 4. HP: 33/44 MP: 3/3
   416 | D:2      | Reached XP level 5. HP: 38/50 MP: 4/4
   453 | D:3      | Noticed Ijyb
   492 | D:3      | Killed Ijyb
   492 | D:3      | Reached XP level 6. HP: 57/57 MP: 5/5
   782 | D:3      | Noticed Terence
   816 | D:3      | Gained mutation: You have sharp fingernails. [potion of
                  | mutation]
   816 | D:3      | Gained mutation: You are somewhat resistant to further
                  | mutation. [potion of mutation]
   825 | D:3      | Killed Terence
  1049 | D:4      | Noticed loralnil's ghost (novice DEAE)
  1052 | D:4      | Found a runed translucent door.
  1090 | D:4      | Found a broken altar of Ashenzari.
  1236 | D:4      | Reached skill level 5 in Axes
  1324 | D:4      | Reached XP level 7. HP: 57/66 MP: 6/6
  1569 | D:5      | Entered Level 5 of the Dungeon
  1598 | D:5      | Noticed Menkaure
  1605 | D:5      | Killed Menkaure
  1605 | D:5      | Reached skill level 5 in Fighting
  1609 | D:5      | Reached skill level 5 in Armour
  1734 | D:5      | Found an ancient bone altar of Kikubaaqudgha.
  1739 | D:5      | Found a snail-covered altar of Cheibriados.
  1782 | D:5      | Found a staircase to the Ecumenical Temple.
  1789 | Temple   | Entered the Ecumenical Temple
  2434 | D:6      | Found an opulent altar of Gozag.
  2572 | D:6      | Noticed a +0 dagger
  2572 | D:6      | Noticed a +0 hand axe
  2573 | D:6      | Found a hide-covered altar of Uskayaw.
  2623 | D:6      | Found a blossoming altar of Fedhas.
  2623 | D:6      | Found a white marble altar of Elyvilon.
  2762 | D:5      | Found a hazy altar of Hepliaklqana.
  3248 | D:7      | Reached skill level 6 in Axes
  3275 | D:7      | Found a burning altar of Makhleb.
  3329 | D:7      | Became a worshipper of Makhleb the Destroyer
  3359 | D:7      | Noticed a slime creature
  3374 | D:7      | Killed a slime creature
  3374 | D:7      | Reached skill level 1 in Invocations
  3374 | D:7      | Reached skill level 1 in Evocations
  3374 | D:7      | Reached XP level 8. HP: 39/76 MP: 5/5
  3599 | D:7      | Noticed Dowan
  3600 | D:7      | Noticed Duvessa
  3607 | D:7      | Killed Dowan
  3607 | D:7      | Reached skill level 7 in Axes
  3615 | D:7      | Killed Duvessa
  3615 | D:7      | Reached skill level 5 in Shields
  3905 | D:8      | Found a staircase to the Lair.
  3906 | D:8      | Noticed a komodo dragon
  3946 | D:8      | Killed a komodo dragon
  3946 | D:8      | Reached skill level 8 in Axes
  3946 | D:8      | Gained mutation: You passively map the area around you.
                  | [Deep Dwarf growth]
  3946 | D:8      | Reached XP level 9. HP: 48/85 MP: 6/6
  3968 | D:8      | Reached * piety under Makhleb
  3980 | D:8      | Noticed a two-headed ogre
  3996 | D:8      | Killed a two-headed ogre
  3996 | D:8      | Reached skill level 9 in Axes
  4073 | D:8      | Found a stormy altar of Qazlal.
  4387 | D:8      | Reached skill level 10 in Axes
  4777 | D:9      | Noticed a two-headed ogre
  4788 | D:9      | Killed a two-headed ogre
  4788 | D:9      | Reached ** piety under Makhleb
  4788 | D:9      | Reached skill level 5 in Invocations
  4788 | D:9      | Reached skill level 5 in Evocations
  4788 | D:9      | Reached XP level 10. HP: 77/96 MP: 8/8
  4794 | D:9      | Found a bloodstained altar of Trog.
  4867 | D:9      | You fall into a shaft and drop 2 floors!
  4909 | D:11     | Noticed a centaur warrior
  4923 | D:11     | Killed a centaur warrior
  4923 | D:11     | Reached skill level 11 in Axes
  4981 | D:11     | Noticed a cyclops
  4986 | D:11     | Noticed a cyan ugly thing
  4995 | D:11     | Killed a cyclops
  5007 | D:11     | Killed a cyan ugly thing
  5011 | D:10     | Entered Level 10 of the Dungeon
  5012 | D:10     | Found Roygail's General Store.
  5123 | D:10     | Found Kasat's Armour Shop.
  5138 | D:10     | Reached *** piety under Makhleb
  5150 | D:10     | Found Zuit's Magic Scroll Shop.
  5197 | D:10     | Reached skill level 12 in Axes
  5206 | D:10     | Noticed a two-headed ogre
  5216 | D:10     | Killed a two-headed ogre
  5216 | D:10     | Reached XP level 11. HP: 91/104 MP: 10/10
  5304 | D:10     | Found Xeeqal's Assorted Antiques.
  5312 | D:10     | Bought a scroll labeled LUNWAS KYEDI for 32 gold pieces
  5312 | D:10     | Bought a scroll labeled LUNWAS KYEDI for 32 gold pieces
  5312 | D:10     | Bought a blackened steel ring for 160 gold pieces
  6179 | D:9      | Reached **** piety under Makhleb
  6215 | D:9      | Noticed a two-headed ogre
  6224 | D:9      | Killed a two-headed ogre
  6828 | D:11     | Reached skill level 13 in Axes
  6841 | D:11     | Found a staircase to the Orcish Mines.
  7014 | D:11     | Noticed a brown ugly thing
  7027 | D:11     | Killed a brown ugly thing
  7282 | D:11     | Noticed a four-headed hydra
  7294 | D:11     | Killed a six-headed hydra
  7426 | D:12     | Killed an unseen horror
  7460 | D:12     | Noticed a brown ugly thing
  7469 | D:12     | Killed a brown ugly thing
  7692 | D:12     | Reached skill level 14 in Axes
  7703 | D:12     | Noticed a brown ugly thing
  7720 | D:12     | Killed a brown ugly thing
  7751 | D:12     | Reached XP level 12. HP: 99/116 MP: 13/13
  8204 | D:13     | Reached skill level 10 in Fighting
  8312 | D:13     | Noticed a centaur warrior
  8312 | D:13     | Noticed a centaur warrior
  8329 | D:13     | Killed a centaur warrior
  8342 | D:13     | Killed a centaur warrior
  8342 | D:13     | Noticed a two-headed ogre
  8356 | D:13     | Noticed a two-headed ogre
  8363 | D:13     | Killed a two-headed ogre
  8368 | D:13     | Reached ***** piety under Makhleb
  8385 | D:13     | Killed a two-headed ogre
  8434 | D:13     | Reached skill level 15 in Axes
  9214 | D:14     | Noticed a vault guard
  9228 | D:14     | Reached XP level 13. HP: 124/124 MP: 12/12
  9270 | D:14     | Found a gate to the Vaults.
  9397 | D:14     | Noticed Louise
  9436 | D:14     | Killed Louise
  9695 | D:14     | Found a transporter.
  9715 | D:14     | Found a one-way gate to the infinite horrors of the Abyss.
  9715 | D:14     | Noticed HunterMK's ghost (journeyman MiBe)
  9716 | D:14     | Noticed a tentacled monstrosity
  9722 | D:14     | Identified the +5 long sword of Subjectivity {distort,
                  | *Corrode Str+4}
  9764 | D:14     | Reached skill level 5 in Dodging
  9805 | D:14     | Found a transporter.
 10064 | D:15     | Entered Level 15 of the Dungeon
 10146 | D:15     | Noticed Jorgrun
 10192 | D:15     | Noticed Kirke
 10245 | D:15     | Killed Jorgrun
 10245 | D:15     | Reached skill level 10 in Armour
 10245 | D:15     | Reached skill level 10 in Invocations
 10301 | D:15     | Reached skill level 10 in Evocations
 10333 | D:15     | Slain by a harpy

Illustrated notes

Levels and vault maps discovered:
D:1:      minmay_arrival_cross, layout_loops_ring
D:2:      layout_basic, nicolae_ru_great_annihilating_truth,
          nicolae_tso_carved_into_rock, serial_undead, serial_undead_c,
          serial_undead_b, serial_undead_a, serial_undead_e, serial_undead_a,
          serial_undead_c, roderic_lattice_a, uniq_jessica, uniq_sigmund,
          uniq_robin
D:3:      layout_loops_ring, zin_statuary, uniq_terence, uniq_ijyb
D:4:      layout_loops_ring, lemuel_crystal_altar,
          hellmonk_ghost_happy_afterlife, serial_bayou_pond_a
D:5:      layout_rooms, nicolae_overflow_hidden_temple, minitemple,
          minmay_temple_entry_slanted, wad_floor_pattern_1, uniq_menkaure
D:6:      layout_loops_corners, grunt_temple_overflow_open,
          nicolae_gozag_seed_capital, dancing_weapons_uskayaw,
          palyth_stone_intersect
D:7:      layout_basic, lightli_temple_of_fire, minmay_manual_mess, uniq_duvessa
D:8:      layout_basic, david_lair_shrubbed, nicolae_qazlal_eye_of_the_storm
D:9:      layout_basic, trog_ov_bears_minmay
D:10:     layout_basic, serial_shops, shop, nicolae_shop_overgrown_old_shop,
          nicolae_shop_competitors_out_of_business,
          nicolae_shop_competitors_out_of_business
D:11:     layout_loops_corners, orc_0_dummy, minmay_misc_feat_alley
D:12:     layout_gridville
D:13:     layout_loops_ring, special_room [special_room_orc]
D:14:     layout_basic, ximxim_vaults_locker_room,
          gammafunk_ghost_abyssal_escape, uniq_louise
D:15:     grunt_enter_depths_giant_problem, layout_cave_pools, uniq_jorgrun,
          uniq_kirke
Temple:   grunt_temple_mini_profane

Skill      XL: |  1  2  3  4  5  6  7  8  9 10 11 12 13 |
---------------+----------------------------------------+-----
Fighting       | 3 4 5 6 7 8 9 10 11 | 11.4
Axes           | 3 4 5 6 8 10 12 14 15 | 15.6
Armour         | 4 5 6 7 8 9 10 | 10.0
Dodging        | 1 2 4 5 |  5.5
Shields        | 4 5 6 7 8 9 |  9.5
Invocations    | 1 3 5 6 8 9 10 | 10.0
Evocations     | 1 3 5 6 7 9 10 | 10.0

Action                   |  1- 3 |  4- 6 |  7- 9 | 10-12 | 13-15 || total
-------------------------+-------+-------+-------+-------+-------++-------
Melee: War axe           |    97 |   164 |   351 |   787 |   266 ||  1665
Invok: Lesser Servant of |       |       |       |     6 |     8 ||    14
       Greater Servant o |       |       |       |       |     1 ||     1
 Abil: Heal Wounds       |     3 |     3 |    13 |     6 |    19 ||    44
Evoke: Wand              |       |       |       |     1 |       ||     1
  Use: Potion            |       |     5 |       |       |     4 ||     9
       Scroll            |       |       |     8 |     6 |     5 ||    19
 Stab: Distracted        |       |       |       |     1 |     3 ||     4
       Paralysed         |       |       |       |     3 |       ||     3
       Invisible         |       |       |       |       |     8 ||     8
Armor: Scale mail        |    38 |    65 |       |       |       ||   103
       Skin              |       |     3 |       |       |       ||     3
       Chain mail        |       |    15 |   126 |       |       ||   141
       Plate armour      |       |       |   221 |   394 |   202 ||   817
Dodge: Dodged            |    26 |    42 |    76 |    92 |    82 ||   318
Block: Kite shield       |    47 |    87 |       |       |       ||   134
       Tower shield      |       |    12 |   400 |   646 |   236 ||  1294

Table legend: (Time is in decaauts)
 A = Elapsed time spent in this place.
 B = Non-inter-level travel time spent in this place.
 C = Inter-level travel time spent in this place.
 D = Time resting spent in this place.
 E = Time spent auto-exploring this place.
 F = Levels seen in this place.
 G = Mean time per level.
                   A        B        C        D        E       F      G
               +--------+--------+--------+--------+--------+-----+--------+
         Total |  10450 |   9850 |    600 |      4 |   7085 |  16 |  653.1 |
       Dungeon |  10265 |   9687 |    578 |      4 |   6924 |  15 |  684.3 |
        Temple |    184 |    162 |     22 |      0 |    161 |   1 |  184.0 |
               +--------+--------+--------+--------+--------+-----+--------+

Top non-repeatable levels by time:
    D:10: 1055 daAuts
    D:13: 959 daAuts
     D:8: 936 daAuts
    D:14: 871 daAuts
     D:6: 863 daAuts
     D:9: 816 daAuts
     D:7: 801 daAuts
    D:12: 784 daAuts
    D:11: 746 daAuts
     D:3: 625 daAuts
     D:4: 556 daAuts
     D:5: 502 daAuts
     D:1: 339 daAuts
    D:15: 260 daAuts
  Temple: 184 daAuts
